 Dungeon Crawl Stone Soup version 0.29-a0-914-g906f1d757c (webtiles) character file.

Game seed: 11263894941296884257

2660 Garessta the Summoner (level 9, 0/51 HPs)
             Began as an Octopode Summoner on July 26, 2022.
             Was an Initiate of Gozag.
             Killed from afar by an electric eel (12 damage)
             ... with a bolt of electricity
             ... on level 7 of the Dungeon.
             The game lasted 00:30:01 (9013 turns).

Garessta the Summoner (Octopode Summoner)           Turns: 9013, Time: 00:30:02

Health: 0/51       AC:  1    Str:  7    XL:     9   Next: 63%
Magic:  18/19      EV: 13    Int: 22    God:    Gozag
Gold:   304        SH:  0    Dex: 12    Spells: 8/21 levels left

rFire   . . .      SeeInvis .   r - +0 mace (protect)
rCold   . . .      Faith    .   (no shield)
rNeg    . . .      Spirit   .   (helmet restricted)
rPois   .          Reflect  .   s - amulet of magic regeneration
rElec   .          Harm     .   (no ring)
rCorr   .          Rampage  .   (no ring)
Will    .....                   (no ring)
Stlth   +++.......              (no ring)
HPRegen 0.17/turn               (no ring)
MPRegen 0.56/turn               (no ring)
                                (no ring)
                                (no ring)

@: gold aura
A: almost no armour, amphibious, 8 rings, camouflage 1, gelatinous body 1,
(nimble swimmer 1), tentacles
a: Renounce Religion, Potion Petition, Call Merchant, Bribe Branch


You were on level 7 of the Dungeon.
You worshipped Gozag.
Gozag was aware of your devotion.
You visited 2 branches of the dungeon, and saw 8 of its levels.
You also visited: Sewer.

You collected 535 gold pieces.
You spent 60 gold pieces at shops.
You paid 171 gold pieces to Gozag.

Inventory:

Hand Weapons
 r - a +0 mace of protection (weapon)
Missiles
 b - 15 poisoned darts
 q - a throwing net
 v - 3 curare-tipped darts
 y - 3 atropa-tipped darts
Jewellery
 s - an amulet of magic regeneration (around mantle)
 C - a ring of fire
Scrolls
 d - 2 scrolls of poison
 f - a scroll of brand weapon
 j - 3 scrolls of fear
 k - 2 scrolls of torment
 l - 4 scrolls of vulnerability
 m - 6 scrolls of teleportation
 n - 5 scrolls of butterflies
 t - 2 scrolls of blinking
 w - a scroll of summoning
Potions
 a - 3 potions of magic
 c - 2 potions of lignification {unknown}
 e - 2 potions of ambrosia {unknown}
 g - 5 potions of flight
 h - 4 potions of curing
 i - 3 potions of berserk rage {unknown}
 o - 2 potions of haste {unknown}
 p - a potion of degeneration {unknown}
 u - 2 potions of invisibility {unknown}
 x - a potion of heal wounds {unknown}
 z - a potion of resistance {unknown}
 A - a potion of attraction {unknown}
 B - a potion of mutation {unknown}


   Skills:
 - Level 2.0 Dodging
 - Level 2.6 Stealth
 + Level 6.8 Spellcasting
 - Level 5.0 Hexes
 + Level 8.3 Summonings
 + Level 5.7 Air Magic


You had 8 spell levels left.
You knew the following spells:

 Your Spells              Type           Power      Damage    Failure   Level
a - Call Canine Familiar  Summ           44%        N/A       1%          3
b - Summon Guardian Gole  Hex/Summ       36%        N/A       1%          3
c - Summon Lightning Spi  Summ/Air       38%        N/A       4%          4
d - Call Imp              Summ           44%        N/A       1%          2
e - Summon Small Mammal   Summ           100%       N/A       1%          1

Your spell library contained the following spells:

 Spells                   Type           Power      Damage    Failure   Level
 Magic Dart               Conj           28%        1d4       9%          1
 Sandblast                Erth           14%        2d6       9%          1
 Mephitic Cloud           Conj/Pois/Air  15%        N/A       12%         3
 Passwall                 Tmut/Erth      5%         N/A       13%         2
 Gell's Gravitas          Tloc           7%         N/A       26%         3
 Lesser Beckoning         Tloc           7%         N/A       26%         3
 Stone Arrow              Conj/Erth      14%        3d7       26%         3
 Teleport Other           Tloc           7%         N/A       26%         3


Dungeon Overview and Level Annotations

Branches:
Dungeon (7/15)             Temple (1/1) D:7           Sewer (visited)

Altars:
Ashenzari
Cheibriados
Dithmenos
Elyvilon
Fedhas
Gozag
Hepliaklqana
Kikubaaqudgha
Makhleb
Nemelex Xobeh
Okawaru
Qazlal
Ru
Sif Muna
Trog
Uskayaw
Vehumet
Wu Jian
Xom
Yredelemnul
The Shining One

Shops:
D:1 =*   D:7 [


Innate Abilities, Weirdness & Mutations

You cannot wear most types of armour.
You are amphibious.
You can wear up to eight rings at the same time.
Your skin changes colour to match your surroundings (Stealth+).
Your rubbery body absorbs attacks. (AC +1, EV +1)
((You are camouflaged when in or above water. (Stealth+)))
You have tentacles for arms and can constrict up to eight enemies at once.


Message History

g - Guard the area. f - Follow me.
Anything else - Cancel.
Gang up on whom?
Press: ? - help, Dir - move target, f - electric eel
Aim: an electric eel (water, ally target) Attack!
The electric eel shoots out a bolt of lightning at you!
The bolt of electricity hits your lightning spire.
Your lightning spire completely resists.
The bolt of electricity hits you!
Your white imp gestures at the electric eel.
The puff of frost hits the electric eel.
Your white imp gestures at the electric eel.
The puff of frost hits the electric eel.
The electric eel shoots out a bolt of lightning at your white imp!
The bolt of electricity hits your white imp!
Your white imp dies!
Your white imp disappears in a puff of smoke!
Casting: Summon Lightning Spire (dangerous; 4% risk of failure)
Confirm with . or Enter, or press ? or * to list all spells.
A beastly little devil appears in a puff of flame.
The electric eel shoots out a bolt of lightning at you!
The bolt of electricity hits your crimson imp!
The bolt of electricity hits your lightning spire.
Your lightning spire completely resists.
The bolt of electricity hits you!
The electric eel shoots out a bolt of lightning at you!
The bolt of electricity hits your crimson imp!
Your crimson imp dies!
Your crimson imp disappears in a puff of smoke!
The bolt of electricity hits your lightning spire.
Your lightning spire completely resists.
The bolt of electricity hits you!
* * * LOW HITPOINT WARNING * * *
The electric eel shoots out a bolt of lightning at you!
The bolt of electricity hits your lightning spire.
Your lightning spire completely resists.
The bolt of electricity hits you!
You die...
Your body crumbles into a pile of gold.

#.#..###.# ...#..##
#.#.## #.# .........
#.#.# #.# #+.≈≈≈≈≈≈≈
#.#.####.# #..≈......
#........# #..≈.≈≈≈≈≈
###.###### ##..≈.S§...
#.# ##...§.≈.≈≈. #.#
##...8≈§≈§≈∩. #.#
#.@...≈.≈.≈≈≈
#.########.##..≈.≈..$.
#..........##..≈.≈≈≈≈≈
#############..≈......
#..≈≈≈≈≈≈≈ #.........
#.#####... #.# .##


You could see an electric eel (ally target) and a friendly lightning spire
(summoned).

Vanquished Creatures
  A centaur (D:7)
  A merfolk avatar (Sewer)
  An adder (Sewer)
  A river rat (D:3)
  A worm (D:3)
  An orc (D:5)
  2 ball pythons
  4 bats
  2 endoplasms
  2 giant cockroaches
  A goblin (D:4)
  2 hobgoblins
  4 frilled lizards
  7 rats
30 creatures vanquished.

Vanquished Creatures (collateral kills)
  2 yaks (D:7)
  A water moccasin (D:6)
  An ice beast (D:5)
  A black bear (D:6)
  A sky beast (D:7)
  A gnoll sergeant (D:7)
  2 scorpions
  2 wights (D:6)
  2 howler monkeys (D:6)
  3 jellies
  5 hounds (D:6)
  2 orc wizards
  2 iguanas
  A merfolk siren (Sewer)
  4 gnolls (D:7)
  8 adders
  2 river rats (Sewer)
  A shadow imp (D:5)
  3 worms
  3 dart slugs
  7 orcs
  9 ball pythons
  3 bats
  4 endoplasms
  5 giant cockroaches
  6 goblins
  8 hobgoblins
  6 quokkas
  3 frilled lizards
  A kobold (D:1)
  21 rats
120 creatures vanquished.

Vanquished Creatures (others)
  3 yaks (D:7)
  A sky beast (D:6)
  A scorpion (D:6)
  4 wights (D:6)
  A hound (D:6)
  A gnoll bouda (D:6)
  An iguana (D:6)
  4 gnolls
  An adder (D:5)
  43 plants (D:6)
60 creatures vanquished.

Grand Total: 210 creatures vanquished

Notes
Turn   | Place    | Note
-------+----------+-------------------------------------------
     0 | D:1      | Garessta the Octopode Summoner began the quest for the Orb.
     0 | D:1      | Reached XP level 1. HP: 11/11 MP: 3/3
    40 | D:1      | Found Iplitew's Jewellery Shoppe.
   361 | D:1      | Found Ruamnus's General Store.
   378 | D:1      | Reached XP level 2. HP: 14/17 MP: 1/5
   381 | D:1      | Learned a level 2 spell: Call Imp
  1026 | D:1      | Reached XP level 3. HP: 21/21 MP: 2/6
  1030 | D:1      | Learned a level 3 spell: Call Canine Familiar
  1176 | D:1      | Bought a potion of curing for 36 gold pieces
  1176 | D:1      | Bought a scroll of identify for 24 gold pieces
  1897 | D:2      | Reached XP level 4. HP: 27/27 MP: 4/8
  2404 | D:3      | Noticed a scorpion
  2417 | D:3      | Killed a scorpion
  2418 | D:3      | Reached skill level 5 in Summonings
  2418 | D:3      | Reached XP level 5. HP: 31/31 MP: 6/10
  2422 | D:3      | Learned a level 3 spell: Summon Guardian Golem
  2442 | D:3      | Found a glowing drain.
  2491 | Sewer    | Entered a sewer
  2963 | Sewer    | Reached skill level 1 in Hexes
  3408 | Sewer    | Noticed a malarious merfolk avatar
  3497 | Sewer    | Reached XP level 6. HP: 36/36 MP: 11/11
  3793 | D:3      | Learned a level 4 spell: Summon Lightning Spire
  4024 | D:3      | Found an ornate altar of the Wu Jian Council.
  4681 | D:3      | Found a sacrificial altar of Ru.
  4983 | D:4      | Reached skill level 1 in Air Magic
  5059 | D:4      | Found a broken altar of Ashenzari.
  5373 | D:4      | Reached XP level 7. HP: 41/41 MP: 10/13
  5493 | D:5      | Entered Level 5 of the Dungeon
  5567 | D:5      | Reached skill level 6 in Summonings
  6348 | D:6      | Found a snail-covered altar of Cheibriados.
  6348 | D:6      | Found a bloodstained altar of Trog.
  6454 | D:6      | Found a glowing golden altar of the Shining One.
  6482 | D:6      | Found a hazy altar of Hepliaklqana.
  6519 | D:6      | Reached skill level 5 in Spellcasting
  6519 | D:6      | Reached XP level 8. HP: 46/46 MP: 12/15
  6681 | D:6      | Found a burning altar of Makhleb.
  7624 | D:6      | Reached skill level 7 in Summonings
  7806 | D:6      | Reached XP level 9. HP: 13/51 MP: 17/17
  8075 | D:6      | Reached skill level 5 in Hexes
  8428 | D:7      | Found a staircase to the Ecumenical Temple.
  8438 | Temple   | Entered the Ecumenical Temple
  8454 | Temple   | Became a worshipper of Gozag Ym Sagoz the Greedy
  8875 | D:7      | Reached skill level 5 in Air Magic
  8877 | D:7      | Reached skill level 8 in Summonings
  9002 | D:7      | Found Upeics's Armour Shoppe.
  9013 | D:7      | Killed from afar by an electric eel

Illustrated notes

Levels and vault maps discovered:
D:1:      lemuel_arrival_rhombus, layout_rooms, serial_shops,
          nicolae_shop_hallway_stairs, nicolae_shop_hallway_stairs,
          wander_ebering_terrifying_dragon_lair
D:2:      layout_basic
D:3:      layout_loops_ring, old_standard_altar,
          mainiacjoe_overflow_surrounded_room, portal_sewer_entry_c
D:4:      layout_loops_ring, nicolae_overflow_crystal_walls
D:5:      layout_basic
D:6:      layout_loops_corners, lightli_temple_of_fire,
          mainiacjoe_overflow_catch_the_wave,
          gammafunk_temple_overflow_elements, minmay_joined_circles
D:7:      layout_loops_corners, minmay_temple_entry_large_hall, serial_shops,
          nicolae_inconvenience_store
Temple:   hellmonk_temple_forest_ring

Skill      XL: |  1  2  3  4  5  6  7  8  9 |
---------------+----------------------------+-----
Spellcasting   | 3 4 5 6 |  6.8
Summonings     | 5 6 7 8 |  8.3
Hexes          | 1 2 3 4 5 |  5.0
Air Magic      | 1 2 4 5 |  5.7
Dodging        | |  2.0
Stealth        | |  2.6

Action                   |  1- 3 |  4- 6 |  7- 9 || total
-------------------------+-------+-------+-------++-------
Melee: Unarmed           |    24 |    54 |       ||    78
       Constrict         |     6 |    18 |       ||    24
       Tentacles         |     5 |    14 |       ||    19
       Punch             |       |     2 |       ||     2
       Mace              |       |    11 |     6 ||    17
 Cast: Summon Small Mamm |    24 |     8 |     2 ||    34
       Call Imp          |    11 |    17 |    10 ||    38
       Call Canine Famil |       |    33 |    37 ||    70
       Summon Guardian G |       |     7 |    40 ||    47
       Summon Lightning  |       |       |     9 ||     9
  Use: Scroll            |       |     5 |     5 ||    10
 Stab: Sleeping          |     3 |     5 |     1 ||     9
Armor: Skin              |     2 |     9 |     7 ||    18
Dodge: Dodged            |    35 |    41 |    24 ||   100

Table legend: (Time is in decaauts)
 A = Elapsed time spent in this place.
 B = Non-inter-level travel time spent in this place.
 C = Inter-level travel time spent in this place.
 D = Time resting spent in this place.
 E = Time spent auto-exploring this place.
 F = Levels seen in this place.
 G = Mean time per level.
                   A        B        C        D        E       F      G
               +--------+--------+--------+--------+--------+-----+--------+
         Total |   9017 |   8786 |    231 |    495 |   5971 |   9 | 1001.9 |
       Dungeon |   7594 |   7383 |    211 |    386 |   5034 |   7 | 1084.9 |
        Temple |    158 |    138 |     20 |      0 |    119 |   1 |  158.0 |
         Sewer |   1264 |   1264 |      0 |    109 |    818 |   1 | 1264.0 |
               +--------+--------+--------+--------+--------+-----+--------+

Top non-repeatable levels by time:
     D:6: 2120 daAuts
   Sewer: 1264 daAuts
     D:3: 1183 daAuts
     D:1: 1180 daAuts
     D:2: 1170 daAuts
     D:4: 697 daAuts
     D:5: 685 daAuts
     D:7: 557 daAuts
  Temple: 158 daAuts
